Map: Frozen Temple

Players

SiFFreDi - Winner!

  • Race: Protoss Protoss

Miszu

  • Race: Zerg Zerg
  • League: Master

VOD

Have the link to the VOD?

Description

Time

  • Played on: June 20, 2016, 9:29 a.m.
  • Length: 11:41
Show
View Real Time Build Order
Export as new Build Order

SiFFreDi Protoss - Winner!

Build Orders: 1 Gate Expand, Zealot Archon 

Get SALT Encoding   

  12  0:02  Probe (Chrono Boost)  
  13  0:13  Probe (Chrono Boost)  
  14  0:18  Pylon  
  14  0:23  Probe (Chrono Boost)  
  15  0:37  Probe (Chrono Boost)  
  16  0:44  Gateway  
  16  0:46  Assimilator  
  16  0:48  Probe (Chrono Boost)  
  17  0:58  Probe (Chrono Boost)  
  18  1:09  Probe (Chrono Boost)  
  19  1:20  Probe (Chrono Boost)  
  20  1:27  Nexus  
  20  1:37  Cybernetics Core  
  20  1:43  Assimilator  
  20  1:45  Probe (Chrono Boost)  
  21  1:56  Probe (Chrono Boost)  
  21  1:58  Pylon  
  22  2:06  Probe (Chrono Boost)  
  23  2:17  Probe (Chrono Boost)  
  23  2:20  Stalker (Chrono Boost)  
  23  2:21  Warp Gate  
  26  2:29  Mothership Core  
  28  2:43  Probe  
  28  2:49  Twilight Council  
  28  2:50  Probe  
  30  2:53  Adept (Chrono Boost), Probe  
  33  3:02  Probe  
  33  3:04  Probe  
  35  3:14  Probe x2  
  35  3:18  Adept (Chrono Boost)  
  39  3:21  Resonating Glaives (Chrono Boost)  
  39  3:22  Robotics Facility  
  39  3:26  Probe  
  40  3:27  Probe  
  41  3:38  Probe x2  
  43  3:48  Pylon, Probe  
  43  3:49  Adept  
  46  4:05  Probe  
  46  4:06  Probe  
  46  4:09  Gateway  
  48  4:10  Gateway, Warp Prism (Chrono Boost)  
  50  4:17  Assimilator  
  50  4:18  Probe x2  
  50  4:22  Dark Shrine  
  52  4:30  Assimilator  
  53  4:37  Adept  
  54  4:41  Pylon  
  54  4:56  Gateway  
  54  4:58  Gateway  
  54  4:59  Probe  
  55  5:03  Probe  
  56  5:11  Probe  
  56  5:15  Probe  
  57  5:23  Probe  
  57  5:26  Pylon  
  57  5:27  Nexus, Pylon, Probe  
  59  5:30  Pylon  
  55  5:47  Probe x2  
  53  5:51  Pylon  
  53  5:52  Dark Templar x3  
  57  5:59  Adept, Probe x2  
  57  6:02  Dark Templar  
  62  6:18  Probe x2  
  64  6:25  Dark Templar x2  
  64  6:26  Dark Templar  
  64  6:27  Adept  
  64  6:30  Probe  
  67  6:44  Probe  
  67  6:45  Stalker  
  67  6:46  Probe  
  69  6:48  Immortal (Chrono Boost)  
  69  6:50  Robotics Facility  
  69  6:52  Gateway  
  69  6:54  Probe  
  73  6:55  Gateway  
  73  6:56  Probe  
  73  6:58  Gateway, Probe  
  73  7:01  Pylon  
  76  7:02  Pylon  
  76  7:03  Sentry  
  76  7:06  Pylon  
  78  7:09  Probe  
  78  7:12  Probe  
  78  7:14  Probe  
  81  7:21  Probe  
  82  7:23  Probe  
  82  7:26  Probe  
  82  7:33  Probe x2  
  84  7:38  Probe  
  84  7:42  Immortal (Chrono Boost)  
  93  7:44  Probe  
  93  7:45  Pylon, Probe  
  93  7:48  Immortal (Chrono Boost)  
  93  7:49  Forge  
  93  7:50  Forge, Probe  
  96  7:53  Pylon  
  96  7:54  Pylon, Probe  
  96  7:55  Dark Templar, Pylon, Assimilator  
  96  7:57  Dark Templar  
  96  7:58  Archon, Assimilator  
  100  8:01  Archon  
  100  8:04  Adept  
  100  8:05  Adept x3  
  108  8:06  Adept  
  108  8:07  Blink, Probe  
  111  8:23  Pylon  
  111  8:32  Adept x2, Dark Templar x2  
  111  8:33  Adept  
  111  8:34  Adept  
  97  8:50  Protoss Ground Weapons Level 1 (Chrono Boost), Protoss Ground Armor Level 1 (Chrono Boost)  
  97  8:53  Photon Cannon  
  97  8:56  Photon Cannon  
  97  8:57  Photon Cannon  
  97  9:00  Photon Cannon  
  97  9:05  Nexus  
  97  9:07  Photon Cannon  
  97  9:09  Dark Templar  
  99  9:11  Dark Templar x2  
  99  9:13  Archon  
  99  9:15  Archon  
  99  9:16  Adept  
  105  9:17  Sentry  
  107  9:32  Dark Templar x2  
  111  9:39  Dark Templar  
  111  9:40  Dark Templar  
  111  9:41  Archon  
  111  9:44  Archon  
  115  9:46  Adept  
  115  9:47  Adept x3  
  123  9:53  Pylon  
  115  10:08  Probe x3  
  115  10:13  Dark Templar x2  
  118  10:14  Adept x3  
  118  10:15  Adept x3  
  118  10:17  Archon  
  118  10:20  Probe x2  
  118  10:21  Probe  
  129  10:30  Probe  
  129  10:32  Probe x2  
  129  10:33  Probe  
  133  10:39  Adept x2  
  133  10:40  Adept  
  137  10:59  Adept x5  
  137  11:00  Adept  
  105  11:14  Adept  
  105  11:15  Adept  
  105  11:20  Dark Templar x2  
  105  11:21  Dark Templar x2  
  109  11:26  Archon x2  
  109  11:29  Adept  
  109  11:30  Adept  
  113  11:38  Adept x2  
Show
View Real Time Build Order
Export as new Build Order

Miszu Zerg 

Build Orders: Hatch First 

Get SALT Encoding   

  12  0:01  Drone  
  13  0:13  Drone  
  14  0:22  Overlord  
  14  0:25  Extractor, Drone  
  15  0:45  Hatchery  
  15  0:49  Drone  
  15  0:56  Drone x2  
  17  1:11  Spawning Pool  
  17  1:14  Drone  
  17  1:22  Overlord  
  17  1:26  Drone  
  18  1:36  Drone  
  19  1:40  Extractor  
  19  1:47  Drone  
  19  1:57  Drone  
  19  1:58  Drone  
  21  2:01  Queen x2  
  21  2:05  Drone  
  26  2:09  Drone  
  27  2:20  Zergling x4  
  29  2:26  Zergling x2  
  30  2:32  Drone  
  30  2:36  Drone  
  32  2:42  Hatchery  
  32  2:44  Drone  
  32  2:48  Drone  
  33  2:51  Drone  
  33  2:58  Drone  
  35  3:02  Drone  
  36  3:11  Overlord  
  36  3:13  Metabolic Boost  
  36  3:18  Evolution Chamber  
  34  3:20  Overlord  
  34  3:22  Drone  
  35  3:29  Queen, Drone x5  
  42  3:37  Drone  
  42  3:40  Drone  
  44  3:45  Zerg Melee Weapons Level 1  
  44  3:46  Drone  
  44  3:47  Drone  
  44  3:48  Drone x2  
  48  3:51  Extractor  
  48  3:52  Drone  
  48  3:53  Baneling Nest  
  48  3:54  Drone  
  48  4:00  Queen  
  50  4:03  Overlord  
  50  4:04  Drone  
  50  4:09  Drone x3  
  54  4:13  Overlord  
  54  4:22  Overlord  
  54  4:25  Zergling x2, Drone  
  54  4:26  Overlord, Zergling x2  
  54  4:27  Pneumatized Carapace  
  57  4:34  Zergling x12  
  63  4:38  Drone  
  63  4:40  Drone x2  
  66  4:49  Drone  
  66  4:50  Drone  
  66  4:51  Drone  
  69  4:56  Overlord, Drone x3  
  69  4:58  Zergling x4  
  74  5:05  Baneling x3  
  74  5:06  Zergling x6, Baneling  
  77  5:18  Zergling x12  
  83  5:25  Zergling x8  
  84  5:34  Zergling x6  
  80  5:49  Zerg Ground Armor Level 1  
  76  5:52  Drone x5  
  76  5:53  Drone x5  
  76  5:54  Extractor  
  76  5:56  Extractor  
  83  5:58  Hatchery  
  83  6:00  Extractor  
  83  6:03  Hatchery  
  80  6:11  Spore Crawler x2  
  73  6:16  Drone x3  
  73  6:17  Extractor  
  74  6:18  Drone  
  74  6:19  Drone x2  
  69  6:44  Lair  
  69  6:45  Spore Crawler  
  68  6:49  Hatchery  
  68  6:52  Zergling x18  
  74  7:17  Zergling x8  
  74  7:18  Zergling x6  
  74  7:21  Drone  
  74  7:22  Drone x2  
  82  7:23  Drone  
  81  7:37  Evolution Chamber  
  81  7:41  Queen  
  81  7:42  Queen  
  84  7:45  Zergling x18, Centrifical Hooks  
  93  7:53  Zerg Melee Weapons Level 2  
  93  8:01  Infestation Pit  
  93  8:05  Drone x10  
  101  8:09  Spore Crawler  
  101  8:13  Overseer  
  101  8:18  Baneling x2, Spine Crawler  
  101  8:19  Baneling x4  
  100  8:20  Baneling x5  
  100  8:23  Drone x2  
  100  8:24  Zerg Ground Armor Level 2  
  82  8:45  Zergling x28  
  91  8:49  Baneling x4  
  91  8:50  Zergling x4  
  91  8:54  Hive  
  91  8:55  Pathogen Glands  
  93  8:59  Zergling x2  
  93  9:00  Zergling x16  
  102  9:12  Overlord x5  
  101  9:30  Baneling x2  
  101  9:31  Baneling  
  98  9:41  Zergling x12  
  98  9:42  Zergling x24  
  98  9:43  Baneling x5  
  98  9:44  Baneling x2  
  116  9:52  Zergling x6  
  117  9:53  Baneling  
  117  9:54  Baneling x8  
  117  9:57  Infestor  
  117  9:58  Infestor  
  121  10:01  Infestor x2  
  123  10:14  Infestor x3  
  123  10:16  Infestor  
  131  10:21  Spine Crawler  
  131  10:22  Zergling x6, Spine Crawler  
  131  10:25  Spine Crawler x2  
  128  10:28  Overlord  
  128  10:29  Overlord  
  128  10:42  Overlord x3  
  128  10:43  Overlord x2  
  128  10:47  Ultralisk Cavern  
  72  11:05  Zergling x26  
  72  11:06  Zergling x8  
  72  11:10  Zergling x6  
  90  11:17  Zergling x10  
Tags
 
Add a new tag
Caveats
  • Supply blocks, unpowered buildings, or Contaminate may cause inaccurate times.
  • Supply counts are checked every 10 seconds.